AoeStats
← Juanfreelance

Nomad

508159112Analyzed
2v2 RM · 11d ago on Sep 21, 2026· 67m 55s· 4 players
Game mode
Random Map
Map size
176×176
Population
200
Speed
Normal
Resources
Standard
Victory
Conquest
Starting age
Dark Age
Ending age
Imperial Age
RankedLock teamsTeams togetherTeam positionsShared explorationLock speedFull tech treeHidden civsTurbo modeCheats
Victory
Defeat
🇵🇦 Persians · Panama
1224
+15
🇸🇪 Vietnamese · Sweden
1157
+17
🇲🇽 Malay · Mexico
1189
-16
🇲🇽 Saracens · Mexico
1188
-16
Tlaloke626
5:16 Loom
13:56 Feudal Age
18:57 Town Watch
19:06 Double-Bit Axe
23:14 Castle Age
21:29 Fishing Lines
29:17 Gillnets
30:26 Scale Barding Armor
34:03 Imperial Age
34:03 Fletching
34:35 Chain Barding Armor
36:38 Gold Mining
38:32 Plate Barding Armor
39:20 Forging
40:53 Iron Casting
42:05 Chemistry
41:27 Elite Skirmisher
42:44 Bloodlines
46:53 Padded Archer Armor
48:03 Leather Archer Armor
47:43 Bodkin Arrow
50:07 Ring Archer Armor
49:33 Bodkin Arrow
57:43 Wheelbarrow
57:33 Horse Collar
59:11 Husbandry
61:29 Blast Furnace
62:23 Light Cavalry
62:23 Heavy Camel Rider
63:47 Conscription
65:03 Bracer
67:01 Hussar
67:12 Crossbowman
zoltan
10:47 Loom
13:58 Feudal Age
13:38 Double-Bit Axe
15:49 Town Watch
20:16 Gold Mining
23:13 Castle Age
21:13 Horse Collar
21:58 Fishing Lines
23:08 Forging
23:15 Gillnets
24:13 Squires
24:24 Pikeman
31:17 Wheelbarrow
34:05 Imperial Age
31:52 Fletching
32:31 Hand Cart
33:36 Iron Casting
33:02 Halberdier
34:18 Heavy Plow
35:15 Masonry
35:44 Conscription
36:43 Bodkin Arrow
37:14 Onager
38:46 Ballistics
41:17 Siege Engineers
47:13 Bracer
47:18 Elite Skirmisher
49:03 Chemistry
49:35 Elite Battle Elephant
51:22 Bow Saw
52:08 Scale Barding Armor
52:42 Husbandry
54:38 Crossbowman
58:14 Thumb Ring
58:18 Padded Archer Armor
59:06 Arbalester
59:52 Thumb Ring
ZORRRO
9:31 Loom
14:19 Feudal Age
16:05 Horse Collar
21:38 Castle Age
21:12 Fletching
21:24 Padded Archer Armor
21:34 Double-Bit Axe
23:17 Bloodlines
30:19 Wheelbarrow
36:15 Imperial Age
34:01 Padded Archer Armor
34:28 Bow Saw
34:24 Crossbowman
35:40 Thumb Ring
36:27 Ballistics
36:15 Bodkin Arrow
36:35 Leather Archer Armor
36:29 Arbalester
38:45 Paper Money
41:39 Hand Cart
41:10 Town Watch
45:24 Chemistry
45:23 Bracer
47:12 Husbandry
49:08 Cavalier
57:01 Forging
56:56 Scale Barding Armor
58:27 Iron Casting
58:23 Ring Archer Armor
64:49 Light Cavalry
Juanfreelance
4:37 Loom
13:05 Feudal Age
13:26 Feudal Age
17:55 Castle Age
21:00 Horse Collar
21:58 Double-Bit Axe
25:33 Wheelbarrow
28:20 Gold Mining
29:16 Kamandaran
30:29 Hand Cart
30:26 Crossbowman
35:25 Imperial Age
33:41 Thumb Ring
33:30 Fletching
33:41 Padded Archer Armor
35:43 Bodkin Arrow
36:12 Conscription
37:34 Chemistry
37:12 Leather Archer Armor
39:55 Leather Archer Armor
41:58 Bloodlines
41:48 Husbandry
43:22 Onager
49:25 Ballistics
55:57 Ring Archer Armor
60:55 Murder Holes
62:22 Town Watch
63:14 Bow Saw
63:42 Gold Shaft Mining
63:13 Light Cavalry
63:39 Cavalier
Connection lost

Rejoining the realm…

Still unreachable

The connection could not be restored.

Session expired

The server has moved on; the page needs a fresh start.